 Dungeon Crawl Stone Soup version 0.25.1-2-g60ff931df9 (webtiles) character file.

Game seed: 18325208409612004816

66976 ChadusMaximus the Severer (level 14, -17/133 HPs)
             Began as a Minotaur Berserker on Sept 14, 2020.
             Was the Champion of Trog.
             Demolished by an orc knight
             ... wielding a cursed -1 great sword
              (36 damage)
             ... on level 1 of the Orcish Mines on Sept 15, 2020.
             The game lasted 00:30:32 (18933 turns).

ChadusMaximus the Severer (Minotaur Berserker)     Turns: 18933, Time: 00:30:32

Health: -17/133    AC: 26    Str: 27    XL:     14   Next: 81%
Magic:  13/13      EV: 10    Int:  4    God:    Trog [******]
Gold:   1517       SH:  0    Dex: 10    Spells: 13/13 levels left

rFire    . . .     SeeInvis .   o - +1 executioner's axe (flame)
rCold    . . .     Gourm    .   (shield currently unavailable)
rNeg     . . .     Faith    .   D - +0 plate armour
rPois    +         Spirit   .   (helmet restricted)
rElec    .         Reflect  .   (no cloak)
rCorr    .         Harm     .   R - +2 pair of gloves
MR       +....                  l - +1 pair of boots {Fly}
Stlth    ..........             N - amulet of regeneration
HPRegen  0.72/turn              r - ring of poison resistance
MPRegen  0.13/turn              W - +4 ring of protection

@: berserk cooldown, flying, slowed, very slow
A: retaliatory headbutt, horns 2
a: Berserk, Trog's Hand, Brothers in Arms, Renounce Religion, Stop Flying


You were on level 1 of the Orcish Mines.
You worshipped Trog.
Trog was exalted by your worship.
You were very hungry.

You visited 3 branches of the dungeon, and saw 19 of its levels.

You collected 1562 gold pieces.
You spent 45 gold pieces at shops.

Inventory:

Hand Weapons
 o - a +1 executioner's axe of flaming (weapon)
Missiles
 I - 5 throwing nets (quivered)
Armour
 l - a +1 pair of boots of flying (worn)
 x - a +2 buckler
 D - a +0 plate armour (worn)
 R - a +2 pair of gloves (worn)
 V - +0 steam dragon scales
Jewellery
 a - an uncursed ring of protection from magic
 r - a ring of poison resistance (left hand)
 z - an uncursed ring of see invisible
 N - an amulet of regeneration (around neck)
 W - a +4 ring of protection (right hand)
Wands
 b - a wand of random effects (34)
 v - a wand of flame (48)
 y - a wand of enslavement (7)
 G - a wand of polymorph (12)
 L - a wand of paralysis (9)
 O - a wand of iceblast (20)
 X - a wand of clouds (4)
 Y - a wand of digging (6)
Scrolls
 e - 4 scrolls of amnesia
 h - 4 scrolls of blinking
 k - 8 scrolls of teleportation
 m - 3 scrolls of enchant weapon
 p - 5 scrolls of fog
 s - 3 scrolls of immolation
 A - 5 scrolls of enchant armour
 B - 2 scrolls of fear
 F - 4 scrolls of remove curse
 H - 5 scrolls of magic mapping
 K - a scroll of noise
 P - 2 scrolls of vulnerability
 Q - 3 scrolls of random uselessness
Potions
 d - 12 potions of curing
 f - 2 potions of stabbing {unknown}
 g - 3 potions of lignification
 i - 4 potions of haste
 j - 2 potions of cancellation {unknown}
 n - 3 potions of might {unknown}
 q - 2 potions of brilliance {unknown}
 t - 6 potions of heal wounds
 u - a potion of invisibility
 w - 6 potions of degeneration
 C - 2 potions of mutation {unknown}
 E - 4 potions of flight {unknown}
 J - 4 potions of ambrosia {unknown}
 M - 4 potions of berserk rage
Comestibles
 c - 39 rations


   Skills:
 + Level 14.4 Fighting
 + Level 20.2 Axes
 + Level 14.1 Armour
 + Level 5.1 Dodging
 + Level 2.4 Stealth
 + Level 8.8 Shields


You had 13 spell levels left.
You didn't know any spells.
Your spell library was empty.

Dungeon Overview and Level Annotations

Branches:
Dungeon (12/15)            Temple (0/1) D:7            Lair (6/6) D:8
  Swamp (0/4) Lair:4       Spider (0/4) Lair:4        Slime (0/5) Lair:6
    Orc (1/2) D:12

Altars:
Ashenzari
Elyvilon
Hepliaklqana
Kikubaaqudgha
Okawaru
Qazlal
Uskayaw
Vehumet
Yredelemnul
The Shining One
Jiyva

Shops:
D:5 (   Orc:1 *

Annotations:
Lair:6 1 runed translucent door


Innate Abilities, Weirdness & Mutations

You reflexively headbutt those who attack you in melee.
You have a pair of horns on your head.


Message History

The orc knight closely misses you.
The orc knight hits you with a cursed -1 great sword!!
* * * LOW HITPOINT WARNING * * *
You closely miss the orc knight. Your headbutt misses the orc knight.
The orc knight is severely wounded.
You hit the orc knight but do no damage.
The orc knight barely misses you. You furiously retaliate!
You headbutt the orc knight!
You kill the orc knight!
Trog accepts your kill.
The orc knight hits you with a cursed -1 great sword.
* * * LOW HITPOINT WARNING * * *
You slash the orc knight! You burn the orc knight.
The orc knight is almost dead.
The orc knight closely misses you.
You barely miss the orc knight.
You headbutt the orc knight, but do no damage.
The orc knight is almost dead.
The orc knight hits you with a cursed -1 great sword!!!
You die...

##.....#.#...........##
##..........#########.#
#...........#.......#.#
##..........#.......#.#
##.#.......'.....(.#.#
##.....#..).....=.#.#
##.........'.......#.#
#...#..#...#o)...[.#.#
##.##......#.@.....#.#
#....#.....#########.#
##......##...........#
##.....##############
#...#.## ##.#### ###


You could see an orc knight (strong).

Vanquished Creatures
  Rupert (D:12)
  6 dire elephants (Lair:6)
  The ghost of DildoBatman the Fighter, a journeyman FoWz of Gozag (Orc:1)
  Josephine (Lair:5)
  Harold (D:7)
  8 hydras
  Erica (D:11)
  An anaconda (Lair:6)
  6 two-headed ogres
  A queen ant (D:9)
  A death yak (Lair:5)
  Urug (D:12)
  Pikel (D:7)
  An orc knight (Orc:1)
  A necromancer (Lair:2)
  2 cyclopes
  An ugly thing (D:11)
  An oklob plant (Lair:1)
  6 black mambas
  7 elephants
  14 spiny frogs
  A torpor snail (Lair:2)
  3 kobold demonologists (D:12)
  3 rime drakes
  5 komodo dragons
  A troll (D:12)
  2 hornets
  A bog body (Lair:4)
  13 blink frogs
  10 hippogriffs
  2 slime creatures (D:12)
  2 redbacks (Lair:4)
  61 yaks
  6 wraiths
  4 wyverns
  2 basilisks (Lair:1)
  2 hungry ghosts
  A human (D:8)
  Menkaure (D:7)
  A steam dragon (Lair:3)
  2 wargs
  3 soldier ants (D:9)
  10 water moccasins
  9 porcupines
  4 slaves (D:7)
  3 ice beasts
  A necrophage (D:5)
  2 phantoms
  2 sky beasts
  9 orc warriors
  5 ogres
  An eye of draining (D:10)
  21 wolves
  2 centaurs
  9 crocodiles
  5 big kobolds
  23 bullfrogs
  A gnoll sergeant (D:11)
  2 scorpions
  8 killer bees (D:9)
  14 wights
  7 howler monkeys
  An electric eel (Lair:3)
  3 crimson imps
  A jelly (D:6)
  4 centaur skeletons
  13 orc priests
  8 hounds
  17 orc wizards
  A bullfrog skeleton (D:5)
  5 iguanas
  Ijyb (D:3)
  5 polar bear simulacra (Lair:2)
  36 worker ants
  2 wolf simulacra (Lair:2)
  4 hound skeletons
  A worker ant zombie (D:9)
  12 gnolls
  2 howler monkey skeletons
  11 adders
  2 shadow imps
  4 adder zombies
  A worm (D:3)
  4 dart slugs
  8 leopard geckos
  36 orcs
  7 giant cockroaches
  9 goblins
  5 hobgoblins
  4 jackals (D:1)
  3 quokkas
  A ball python (D:5)
  A ball python skeleton (D:4)
  8 bats
  6 frilled lizards
  28 kobolds
  A quokka skeleton (D:5)
  9 rats
  4 river rat simulacra (Lair:2)
  2 bushes (Lair:6)
  4 fungi
  16 plants
617 creatures vanquished.

Vanquished Creatures (collateral kills)
  The ghost of teukkam the Ruffian, a novice TrMo (D:9)
1 creature vanquished.

Vanquished Creatures (others)
  4 bushes (Lair:6)
  6 fungi
  6 plants
16 creatures vanquished.

Grand Total: 634 creatures vanquished

Notes
Turn   | Place    | Note
-------+----------+-------------------------------------------
     0 | D:1      | ChadusMaximus the Minotaur Berserker began the quest for
                  | the Orb.
     0 | D:1      | Reached XP level 1. HP: 19/19 MP: 0/0
     2 | D:1      | Noticed a vine stalker
     2 | D:1      | Noticed a demigod
     4 | D:1      | Noticed a centaur
     4 | D:1      | Noticed a spriggan
     6 | D:1      | Noticed a merfolk
     8 | D:1      | Noticed a gargoyle
    10 | D:1      | Noticed a tengu
    12 | D:1      | Noticed a naga
    12 | D:1      | Noticed a halfling
    14 | D:1      | Noticed a felid
    14 | D:1      | Noticed an elf
    16 | D:1      | Noticed a formicid
    16 | D:1      | Noticed a demonspawn
    18 | D:1      | Noticed a minotaur
    21 | D:1      | Noticed a troll
    21 | D:1      | Noticed a dwarf
    23 | D:1      | Noticed a ghoul
    23 | D:1      | Noticed a human
    25 | D:1      | Noticed a draconian
    25 | D:1      | Noticed an ogre
    27 | D:1      | Noticed an octopode
    27 | D:1      | Noticed a vampire
   264 | D:1      | Reached XP level 2. HP: 21/27 MP: 1/1
   526 | D:1      | Reached skill level 4 in Axes
   604 | D:1      | Reached ** piety under Trog
   645 | D:1      | Reached XP level 3. HP: 34/34 MP: 2/2
  1194 | D:2      | Reached XP level 4. HP: 41/41 MP: 3/3
  1481 | D:3      | Found a white marble altar of Elyvilon.
  1638 | D:3      | Reached skill level 5 in Axes
  1639 | D:3      | Reached XP level 5. HP: 20/47 MP: 4/4
  1644 | D:3      | Reached skill level 5 in Fighting
  1727 | D:3      | Noticed Ijyb
  1744 | D:3      | Killed Ijyb
  1744 | D:3      | Reached skill level 1 in Stealth
  1856 | D:3      | Reached *** piety under Trog
  2136 | D:3      | Found a radiant altar of Vehumet.
  2169 | D:3      | Found a hazy altar of Hepliaklqana.
  2414 | D:4      | Noticed a +0 dagger
  2415 | D:4      | Found a hide-covered altar of Uskayaw.
  2415 | D:4      | Noticed a +0 dagger
  2459 | D:4      | Reached skill level 6 in Axes
  2459 | D:4      | Reached XP level 6. HP: 52/56 MP: 5/5
  2872 | D:4      | Found a basalt altar of Yredelemnul.
  3417 | D:5      | Entered Level 5 of the Dungeon
  3561 | D:5      | Noticed an ice beast
  3577 | D:5      | Killed an ice beast
  3577 | D:5      | Reached skill level 7 in Axes
  3577 | D:5      | Reached XP level 7. HP: 34/62 MP: 6/6
  3729 | D:5      | Found an ancient bone altar of Kikubaaqudgha.
  3864 | D:5      | Found a shattered altar of Ashenzari.
  3931 | D:5      | Found Dokix's Weapon Shoppe.
  4271 | D:6      | Reached skill level 8 in Axes
  4354 | D:6      | Reached skill level 5 in Armour
  4501 | D:6      | Reached XP level 8. HP: 61/70 MP: 7/7
  4565 | D:6      | Found an iron altar of Okawaru.
  4757 | D:6      | Reached **** piety under Trog
  4961 | D:6      | Reached skill level 9 in Axes
  5071 | D:7      | Reached skill level 1 in Shields
  5249 | D:7      | Noticed a hippogriff
  5257 | D:7      | Killed a hippogriff
  5351 | D:7      | Reached skill level 10 in Axes
  5424 | D:7      | Noticed a two-headed ogre
  5436 | D:7      | Killed a two-headed ogre
  5436 | D:7      | Reached XP level 9. HP: 80/80 MP: 8/8
  5501 | D:7      | Reached skill level 11 in Axes
  5523 | D:7      | Found a staircase to the Ecumenical Temple.
  5535 | D:7      | Noticed Harold
  5545 | D:7      | Killed Harold
  5701 | D:7      | Noticed Pikel
  5722 | D:7      | Noticed Menkaure
  5736 | D:7      | Killed Menkaure
  5736 | D:7      | Reached skill level 12 in Axes
  5741 | D:7      | Killed Pikel
  5741 | D:7      | Reached XP level 10. HP: 30/90 MP: 9/9
  6075 | D:7      | Found a stormy altar of Qazlal.
  6252 | D:8      | Found a staircase to the Lair.
  6546 | D:8      | Found a basalt altar of Yredelemnul.
  7843 | D:9      | Found a runed translucent door.
  7855 | D:9      | Noticed a two-headed ogre
  7861 | D:9      | Killed a two-headed ogre
  7861 | D:9      | Reached skill level 13 in Axes
  8005 | D:9      | Reached skill level 5 in Shields
  8438 | D:9      | Noticed a queen ant
  8454 | D:9      | Reached skill level 10 in Armour
  8480 | D:9      | Reached XP level 11. HP: 72/97 MP: 10/10
  8508 | D:9      | Killed a queen ant
  8628 | D:9      | Reached ***** piety under Trog
  8628 | D:9      | Reached skill level 14 in Axes
  8833 | D:9      | Noticed teukkam's ghost (novice TrMo)
  8850 | D:9      | Killed teukkam's ghost
  8969 | D:10     | Entered Level 10 of the Dungeon
  9345 | D:10     | Reached skill level 10 in Fighting
  9821 | D:11     | Noticed a red ugly thing
  9828 | D:11     | Killed a red ugly thing
  9889 | D:11     | Noticed a two-headed ogre
  9890 | D:11     | Noticed Erica
  9898 | D:11     | Reached skill level 15 in Axes
  9906 | D:11     | Killed a two-headed ogre
  9911 | D:11     | Killed Erica
  9969 | D:11     | Noticed a two-headed ogre
  9981 | D:11     | Killed a two-headed ogre
  9981 | D:11     | Reached XP level 12. HP: 85/108 MP: 11/11
 10282 | D:12     | Found a glowing golden altar of the Shining One.
 10306 | D:12     | Noticed a two-headed ogre
 10313 | D:12     | Killed a two-headed ogre
 10545 | D:12     | Noticed Urug
 10554 | D:12     | Reached skill level 16 in Axes
 10559 | D:12     | Killed Urug
 10559 | D:12     | Received a gift from Trog
 10694 | D:12     | Noticed Rupert
 10699 | D:12     | Paralysed by Rupert for 3 turns
 10703 | D:12     | Paralysed by Rupert for 2 turns
 10716 | D:12     | Killed Rupert
 10848 | D:12     | Noticed a four-headed hydra
 10849 | D:12     | Noticed a two-headed ogre
 10864 | D:12     | Killed an eight-headed hydra
 10870 | D:12     | Killed a two-headed ogre
 10916 | D:12     | Found a staircase to the Orcish Mines.
 11434 | Lair:1   | Entered Level 1 of the Lair of Beasts
 12377 | Lair:2   | Reached skill level 17 in Axes
 12377 | Lair:2   | Reached XP level 13. HP: 97/118 MP: 12/12
 12688 | Lair:2   | Received a gift from Trog
 14565 | Lair:4   | Reached skill level 18 in Axes
 14570 | Lair:4   | Received a gift from Trog
 14816 | Lair:4   | Found a hole to the Spider Nest.
 14920 | Lair:4   | Found a staircase to the Swamp.
 16066 | Lair:5   | Reached XP level 14. HP: 117/129 MP: 13/13
 16131 | Lair:5   | Noticed Josephine
 16138 | Lair:5   | Killed Josephine
 16446 | Lair:5   | Reached skill level 19 in Axes
 16791 | Lair:6   | Entered Level 6 of the Lair of Beasts
 16922 | Lair:6   | Found a runed translucent door.
 16925 | Lair:6   | Found a viscous altar of Jiyva.
 16964 | Lair:6   | Found a staircase to the Slime Pits.
 17287 | Lair:6   | Reached skill level 5 in Dodging
 17615 | Lair:6   | Reached ****** piety under Trog
 17955 | Lair:6   | Received a gift from Trog
 18071 | Lair:6   | Reached skill level 20 in Axes
 18545 | Orc:1    | Entered Level 1 of the Orcish Mines
 18545 | Orc:1    | Found Fador's General Store.
 18649 | Orc:1    | Found a runed translucent gate.
 18649 | Orc:1    | Found a runed translucent gate.
 18649 | Orc:1    | Found a runed translucent gate.
 18652 | Orc:1    | Noticed DildoBatman's ghost (journeyman FoWz)
 18653 | Orc:1    | Bought a potion of curing for 45 gold pieces
 18922 | Orc:1    | Killed DildoBatman's ghost
 18933 | Orc:1    | Demolished by an orc knight

Illustrated notes

Levels and vault maps discovered:
D:1:      kb_arrival_jail, layout_loops_ring
D:2:      layout_rooms
D:3:      layout_rooms, lemuel_coloured_pillars_altar,
          overflow_temple_1_default, lemuel_doored_altar, uniq_ijyb
D:4:      layout_loops_corners, dancing_weapons_uskayaw,
          overflow_temple_1_default, first_ration
D:5:      layout_loops_ring, kiku_gazebo_pond_becter,
          cheibrodos_ashenzari_chains, serial_shops, shop
D:6:      layout_basic, kennysheep_okawaru_gauntlet
D:7:      layout_loops_cross, minmay_temple_entry_enclosed_plants,
          nicolae_qazlal_style_of_elements, uniq_pikel, uniq_menkaure,
          uniq_harold
D:8:      layout_basic, erik_lair_orcish_takeover, basic_altar, enter_bailey_1,
          grunt_pizzeria
D:9:      layout_roguey, ebering_ghost_inner_flame, zaba_antful_of_joy
D:10:     layout_roguey
D:11:     layout_cave_pools, uniq_erica
D:12:     layout_irregular_city, orc_0_dummy, nicolae_tso_swordbearing_angel,
          uniq_rupert, uniq_urug
Lair:1:   layout_long_grid, st_stairs_8, minmay_lair_oklob_chamber
Lair:2:   layout_cave_pods, serial_bayou_pond_b, eino_house_with_fridge,
          grunt_megastairs_5, lemuel_fruit_tree
Lair:3:   layout_chaotic_city, infiniplex_staircase_pool, serial_bayou_shore_b,
          serial_bayou_shore_a
Lair:4:   layout_loops_ring, skrybe_swamp_entry_bodies,
          spider_nest_entry_funnel_web
Lair:5:   layout_roguey, minivault_19, minmay_shattered_shrine, uniq_josephine
Lair:6:   due_jungle_book, layout_loops_ring, slime_altar_2, minmay_hedge_maze
Orc:1:    layout_caves, serial_shops, shop, gammafunk_ghost_split

Skill      XL: |  1  2  3  4  5  6  7  8  9 10 11 12 13 14 |
---------------+-------------------------------------------+-----
Fighting       | 4 5 6 7 8 9 10 12 13 14 | 14.4
Axes           | 4 5 6 7 8 10 12 13 15 17 18 20 | 20.2
Armour         | 3 4 5 6 8 10 11 13 14 | 14.1
Stealth        | 1 2 |  2.4
Dodging        | 3 4 5 |  5.1
Shields        | 3 4 5 6 8 |  8.8

Action                   |  1- 3 |  4- 6 |  7- 9 | 10-12 | 13-15 || total
-------------------------+-------+-------+-------+-------+-------++-------
Melee: Hand axe          |    73 |   162 |   171 |       |       ||   406
       Headbutt          |     9 |    36 |    35 |   148 |    93 ||   321
       War axe           |       |       |    42 |   553 |       ||   595
       Broad axe         |       |       |       |   126 |    48 ||   174
       Executioner's axe |       |       |       |       |   472 ||   472
Invok: Trog's Hand       |       |     1 |     2 |     8 |     2 ||    13
       Berserk           |       |       |     2 |     6 |     3 ||    11
       Brothers in Arms  |       |       |       |     1 |       ||     1
  Use: Scroll            |       |       |       |    17 |     4 ||    21
 Stab: Sleeping          |     1 |       |       |       |       ||     1
  Eat: Chunk             |     1 |     6 |     6 |    29 |    17 ||    59
       Ration            |       |       |     2 |     1 |     2 ||     5
Armor: Animal skin       |     5 |       |       |       |       ||     5
       Chain mail        |    13 |    94 |   105 |   170 |       ||   382
       Scale mail        |     2 |       |       |       |       ||     2
       Plate armour      |       |       |       |   102 |   433 ||   535
Dodge: Dodged            |    38 |    52 |    57 |   216 |   276 ||   639
Block: Buckler           |       |     2 |    37 |   211 |    17 ||   267
